 Dungeon Crawl Stone Soup version 0.31-a0-202-g547052bce9 (webtiles) character file.

Game seed: 6618455149845256403

24717 Monkooky the Fencer (level 13, -5/98 HPs)
             Began as a Merfolk Delver on June 26, 2023.
             Was a Priest of Qazlal.
             Slain by a death yak (17 damage)
             ... on level 3 of the Lair of Beasts.
             The game lasted 00:29:50 (13062 turns).

Monkooky the Fencer (Merfolk Delver)               Turns: 13062, Time: 00:30:20

Health: -5/98      AC: 13    Str: 13    XL:     13   Next: 14%
Magic:  0/18       EV: 25    Int: 16    God:    Qazlal [***...]
Gold:   575        SH:  4    Dex: 19    Spells: 13/19 levels left

rFire   + . .        Y - +4 scimitar (flame)
rCold   x . .        (no shield)
rNeg    . . .        W - +0 steam dragon scales
rPois   +            x - +0 helmet
rElec   .            y - +2 cloak {Will+}
rCorr   .            C - +2 pair of gloves {infuse}
SInv    +            (no boots)
Will    +....        r - amulet of Megalomania {Spirit rPois rC- Int+6 SInv}
Stlth   ++           m - +5 ring of evasion
HPRegen 0.36/turn    o - ring of protection from fire
MPRegen 0.16/turn

%: guardian spirit
@: no status effects
A: (nimble swimmer 2), mertail
a: Renounce Religion, Upheaval, Elemental Force


You were on level 3 of the Lair of Beasts.
You worshipped Qazlal.
Qazlal was most pleased with you.
You visited 2 branches of the dungeon, and saw 14 of its levels.

You collected 699 gold pieces.
You spent 124 gold pieces at shops.

Inventory:

Hand Weapons
 h - the +10 dagger of the Sea {freeze, rElec SInv}
   (You found it on level 5 of the Dungeon)

   rElec:     It insulates you from electricity.
   SInv:      It lets you see invisible.
 B - a +0 great sword
 Y - a +4 scimitar of flaming (weapon)
Missiles
 F - a throwing net
 L - 7 boomerangs
Armour
 b - a +0 leather armour
 x - a +0 helmet (worn)
 y - a +2 cloak of willpower (worn)
 z - a +0 leather armour of cold resistance
 C - a +2 pair of gloves of infusion (worn)
 W - +0 steam dragon scales (worn)
 X - a +0 robe of resistance
 Z - a +2 robe of fire resistance
Magical Staves
 K - a staff of air
Jewellery
 d - a ring of wizardry
 m - a +5 ring of evasion (left hand)
 o - a ring of protection from fire (right hand)
 r - the amulet of Megalomania (around neck) {Spirit rPois rC- Int+6 SInv}
   (You found it on level 2 of the Lair of Beasts)

   [amulet of guardian spirit]

   It causes incoming damage to be divided between your reserves of health and
   magic.
   Int:       It affects your intelligence (+6).
   rC:        It makes you vulnerable to cold.
   rPois:     It protects you from poison.
   SInv:      It lets you see invisible.
 D - a ring of see invisible
 J - an amulet of regeneration
 M - a ring of ice
 S - a ring of positive energy
 T - an amulet of reflection
Wands
 v - a wand of polymorph (10)
 w - a wand of flame (10)
 N - a wand of quicksilver (4)
 Q - a wand of roots (1)
 U - a wand of paralysis (3)
Scrolls
 a - a scroll of enchant armour
 c - a scroll of fog
 e - 5 scrolls of revelation
 f - 2 scrolls of noise
 i - 4 scrolls of poison
 n - 4 scrolls of teleportation {unknown}
 p - a scroll of brand weapon
 s - 2 scrolls of torment
 G - a scroll of amnesia
 I - 2 scrolls of fear
 O - a scroll of silence
 V - a scroll of blinking
Potions
 j - 2 potions of ambrosia
 k - a potion of heal wounds {unknown}
 l - 6 potions of curing
 q - 3 potions of magic {unknown}
 t - 3 potions of berserk rage {unknown}
 u - 2 potions of lignification {unknown}
 A - 2 potions of degeneration {unknown}
 E - 2 potions of attraction {unknown}
 H - a potion of might {unknown}
 P - a potion of cancellation {unknown}
 R - a potion of enlightenment {unknown}


   Skills:
 - Level 8.1 Fighting
 - Level 9.8(13.7) Short Blades
 - Level 15.2(16.2) Long Blades
 - Level 3.3 Armour
 - Level 12.0 Dodging
 - Level 5.4 Stealth
 + Level 3.6 Spellcasting
 * Level 7.4 Transmutations
 + Level 3.3 Earth Magic
 - Level 6.7 Invocations


You had 13 spell levels left.
You knew the following spells:

 Your Spells              Type           Power      Damage    Failure   Level
a - Petrify               Tmut/Erth      20%        N/A       19%         4
b - Passwall              Tmut/Erth      16%        N/A       3%          2

Your spell library contained the following spells:

 Spells                   Type           Power      Damage    Failure   Level
 Sandblast                Erth           26%        2d8       4%          1
 Magic Dart               Conj           8%         1d3       19%         1
 Call Imp                 Summ           4%         N/A       26%         2
 Poisonous Vapours        Pois/Air       4%         N/A       26%         2
 Searing Ray              Conj           4%         2d4       26%         2
 Sublimation of Blood     Necr           2%         N/A       26%         2
 Stone Arrow              Conj/Erth      16%        3d8       26%         3
 Mephitic Cloud           Conj/Pois/Air  2%         N/A       47%         3
 Irradiate                Conj/Tmut      7%         3d14      71%         5
 Fulminant Prism          Conj/Hex       1%         3d5       87%         4
 Freezing Cloud           Conj/Ice/Air   1%         6-21      99%         5


Dungeon Overview and Level Annotations

Branches:
Dungeon (10/15)            Temple (0/1) D:7            Lair (4/5) D:9
  Swamp (0/4) Lair:2       Spider (0/4) Lair:2
  Slime: Lair:4-5       Orc: D:9-12

Altars:
Cheibriados
Fedhas
Hepliaklqana
Makhleb
Qazlal
Ru
Sif Muna
Vehumet

Shops:
D:7 *

Annotations:
D:1 2 runed translucent doors
D:3 2 transporters, Leavold's ghost, weakling TeDe
D:5 exclusion: oklob plant
D:6 1 runed translucent door, exclusion: statue, promet's ghost, novice DESu
D:9 exclusions: 2 lava snakes, orange crystal statue and 2 more exclusions


Innate Abilities, Weirdness & Mutations

((You are very nimble when in or above water. (Stealth+, EV+, Speed+++)))
Your lower body shifts to a powerful aquatic tail in water.


Message History

The death yak gores you!
The death yak gores the fungus!! x2
You hit the death yak. You burn the death yak.
The death yak is severely wounded.
The death yak gores you.
The death yak gores the fungus.
The death yak gores the fungus!
A nearby fungus withers and dies.
The death yak gores you!! The death yak attacks as you move away!
The death yak gores you.
You hit the death yak. You burn the death yak.
The death yak is severely wounded.
You slash the death yak! You burn the death yak.
The death yak is almost dead.
You slash the death yak! You burn the death yak.
You kill the death yak!
Qazlal accepts your kill.
You slice the death yak!! You burn the death yak!
The death yak is moderately wounded.
The death yak closely misses you. The death yak barely misses you.
You hit the death yak. You burn the death yak.
The death yak is moderately wounded.
You hit the death yak. You burn the death yak.
The death yak is heavily wounded.
The death yak gores you! The death yak misses you.
You hit the death yak. You burn the death yak.
The death yak is heavily wounded.
The death yak completely misses you. The death yak gores you!!
You hit the death yak. You burn the death yak.
The death yak is heavily wounded.
Aiming: Dig
Press: ? - help, Shift-Dir - straight line A rock wall.
The rock shatters into small pieces.
The now-empty wand crumbles to dust.
A lava snake comes into view.
The lava snake hisses angrily.
You hear an angry hiss. x3
The lava snake spits lava at you. The glob of lava hits you!
You partially resist.
* * * LOW HITPOINT WARNING * * *
The death yak gores you!
* * * LOW HITPOINT WARNING * * *
The death yak gores you!
You die...

...##.P.........P.....#.
#.#............#.......
#....#........##.#.....
#....#...........#.....
#........P..#.#...#....
#...........#.#).##.##.
#....FY#.#.##.#..##.##.
#....#Y#...##.##.#..#..
#.##.##@Y.###...#..P.##.
. ###.#### #.. ..... .
§≈S #.#####.. #≈≈.§ ##.
#≈≈.≈ .. #.§.. .....
.....


You could see 3 death yaks, a cane toad and a lava snake (catching breath).

Vanquished Creatures
  Kirke (Lair:4)
  Snorg (Lair:3)
  2 hydras
  2 catoblepae
  Erica (Lair:2)
  2 death yaks (Lair:3)
  4 bog bodies (Lair:2)
  3 black mambas
  4 elephants (Lair:3)
  3 cane toads
  3 komodo dragons
  2 rime drakes (Lair:3)
  2 polar bears
  A meliai (Lair:2)
  A hornet (D:9)
  5 blink frogs (Lair:1)
  10 dream sheep (Lair:4)
  A vampire (D:9)
  18 yaks
  2 wyverns
  A human (Lair:4)
  4 steam dragons
  A hog (Lair:4)
  Menkaure (D:7)
  2 wargs (D:9)
  11 water moccasins
  An acid dragon (D:8)
  2 orc warriors
  2 ice beasts (D:7)
  A black bear (D:7)
  8 wolves
  2 centaurs
  A phantom (D:5)
  2 kobold brigands
  9 bullfrogs
  2 scorpions
  20 killer bees
  An electric eel (Lair:2)
  2 howler monkeys
  A hound (D:2)
  6 orc priests
  Crazy Yiuf (D:3)
  A gnoll bouda (D:4)
  2 sleepcaps
  Natasha (thrice) (D:2)
  9 orc wizards
  5 iguanas
  Robin (D:3)
  7 gnolls
  2 adders
  2 white imps
  A worm (D:2)
  4 dart slugs
  31 orcs
  5 ball pythons
  2 bats
  5 endoplasms
  7 giant cockroaches
  19 goblins
  11 hobgoblins
  9 jackals
  19 kobolds
  3 quokkas
  3 frilled lizards
  11 rats
  A butterfly (Lair:2)
312 creatures vanquished.

Vanquished Creatures (others)
  A human (Lair:4)
  3 orcs (D:8)
4 creatures vanquished.

Grand Total: 316 creatures vanquished

Notes
Turn   | Place    | Note
-------+----------+-------------------------------------------
     0 | D:5      | Monkooky the Merfolk Delver began the quest for the Orb.
     0 | D:5      | Reached XP level 1. HP: 18/18 MP: 1/1
     2 | D:5      | Identified the +10 dagger of the Sea {freeze, rElec SInv}
    31 | D:4      | Reached skill level 1 in Short Blades
    38 | D:4      | Reached XP level 2. HP: 24/24 MP: 2/2
    46 | D:4      | Noticed a scorpion
    71 | D:4      | Noticed a bullfrog
    79 | D:4      | Killed a bullfrog
    80 | D:4      | Reached XP level 3. HP: 21/29 MP: 3/3
    80 | D:4      | Reached XP level 4. HP: 25/35 MP: 4/4
   101 | D:4      | Reached skill level 5 in Short Blades
   271 | D:3      | Reached XP level 5. HP: 41/41 MP: 5/5
   316 | D:3      | Found a large runed translucent door.
   316 | D:3      | Found a large runed translucent door.
   402 | D:3      | Found a runed translucent door.
   403 | D:3      | Noticed Crazy Yiuf
   461 | D:3      | Noticed Leavold's ghost (weakling TeDe)
   793 | D:1      | Found a large runed translucent door.
   793 | D:1      | Found a large runed translucent door.
   797 | D:1      | Noticed an orc warrior
  1733 | D:2      | Noticed Natasha
  1742 | D:2      | Killed Natasha
  1825 | D:2      | Reached XP level 6. HP: 44/47 MP: 3/6
  1901 | D:2      | Noticed Natasha
  1906 | D:2      | Killed Natasha
  2283 | D:2      | Noticed Natasha
  2290 | D:2      | Killed Natasha
  2514 | D:3      | Noticed Robin
  2527 | D:3      | Killed Robin
  2584 | D:3      | Killed Crazy Yiuf
  2654 | D:3      | Found a transporter.
  2658 | D:3      | Found a transporter.
  3110 | D:3      | Found a snail-covered altar of Cheibriados.
  3121 | D:3      | Found a shimmering blue altar of Sif Muna.
  3173 | D:4      | Reached XP level 7. HP: 38/52 MP: 5/7
  3357 | D:4      | Found a stormy altar of Qazlal.
  3590 | D:5      | Reached skill level 5 in Dodging
  4169 | D:5      | Found a blossoming altar of Fedhas.
  4189 | D:5      | Noticed an oklob plant
  4514 | D:4      | Became a worshipper of Qazlal Stormbringer
  4851 | D:6      | Found a runed translucent door.
  4852 | D:6      | Noticed promet's ghost (novice DESu)
  4880 | D:6      | Reached XP level 8. HP: 58/58 MP: 2/8
  4969 | D:6      | Found a radiant altar of Vehumet.
  5136 | D:6      | Found a burning altar of Makhleb.
  5924 | D:7      | Noticed a yak
  5925 | D:7      | Noticed a yak
  6167 | D:7      | Noticed a yak
  6168 | D:7      | Noticed a yak
  6170 | D:7      | Noticed a yak
  6182 | D:7      | Killed a yak
  6182 | D:7      | Killed a yak
  6182 | D:7      | Killed a yak
  6183 | D:7      | Reached skill level 5 in Fighting
  6183 | D:7      | Reached skill level 1 in Armour
  6183 | D:7      | Reached XP level 9. HP: 19/68 MP: 2/9
  6184 | D:7      | Reached skill level 10 in Dodging
  6396 | D:7      | Found Qudier's CLEARANCE SALE!.
  6399 | D:7      | Reached * piety under Qazlal
  6401 | D:7      | Bought a ring of protection from fire for 50 gold pieces
  6401 | D:7      | Bought a staff of air for 50 gold pieces
  6401 | D:7      | Bought 6 boomerangs for 24 gold pieces
  6428 | D:7      | Found a staircase to the Ecumenical Temple.
  6619 | D:7      | Noticed Menkaure
  6623 | D:7      | Killed Menkaure
  7219 | D:8      | Reached XP level 10. HP: 27/79 MP: 0/10
  7393 | D:8      | Learned a level 4 spell: Petrify
  8130 | D:9      | Reached ** piety under Qazlal
  8196 | D:9      | Reached skill level 1 in Invocations
  8341 | D:9      | Noticed an orange crystal statue
  8350 | D:9      | Found a staircase to the Lair.
  8918 | D:9      | Reached skill level 5 in Invocations
  9172 | D:10     | Entered Level 10 of the Dungeon
  9199 | D:10     | Found a sacrificial altar of Ru.
  9255 | Lair:1   | Entered Level 1 of the Lair of Beasts
  9259 | Lair:1   | Noticed a cane toad
  9265 | Lair:1   | Killed a cane toad
  9439 | Lair:1   | Reached skill level 3 in Long Blades
  9492 | Lair:1   | Noticed a black mamba
  9499 | Lair:1   | Killed a black mamba
  9500 | Lair:1   | Reached skill level 5 in Long Blades
  9500 | Lair:1   | Reached XP level 11. HP: 86/86 MP: 11/16
  9508 | Lair:1   | Reached *** piety under Qazlal
  9512 | Lair:1   | Reached skill level 6 in Long Blades
  9684 | Lair:1   | Learned a level 2 spell: Passwall
  9699 | Lair:1   | Reached skill level 1 in Transmutations
  9932 | Lair:1   | Reached skill level 1 in Spellcasting
  9932 | Lair:1   | Reached skill level 1 in Earth Magic
 10544 | Lair:2   | Reached skill level 5 in Transmutations
 10724 | Lair:2   | Noticed Erica
 10742 | Lair:2   | Killed Erica
 11011 | Lair:2   | You fall into a shaft and drop 2 floors!
 11012 | Lair:4   | Noticed a five-headed hydra
 11029 | Lair:4   | Killed a one-headed hydra
 11030 | Lair:4   | Reached skill level 7 in Long Blades
 11084 | Lair:4   | Reached skill level 8 in Long Blades
 11137 | Lair:4   | Noticed a catoblepas
 11140 | Lair:4   | Noticed Kirke
 11155 | Lair:4   | Killed a catoblepas
 11160 | Lair:4   | Reached skill level 9 in Long Blades
 11161 | Lair:4   | Noticed a lindwurm
 11166 | Lair:4   | Killed Kirke
 11167 | Lair:4   | Reached skill level 10 in Long Blades
 11167 | Lair:4   | Reached XP level 12. HP: 91/92 MP: 0/17
 11208 | Lair:4   | Reached skill level 11 in Long Blades
 11490 | Lair:3   | Reached skill level 12 in Long Blades
 11496 | Lair:3   | Noticed Snorg
 11515 | Lair:3   | Killed Snorg
 11742 | Lair:3   | Noticed a seven-headed hydra
 11744 | Lair:3   | Noticed a catoblepas
 11757 | Lair:3   | Killed a one-headed hydra
 11758 | Lair:3   | Reached skill level 13 in Long Blades
 11772 | Lair:3   | Killed a catoblepas
 11917 | Lair:3   | Reached skill level 14 in Long Blades
 11918 | Lair:3   | Identified the +4 orcbow "Hyba" {freeze, Str+3 Stlth+}
 12186 | Lair:3   | Found a hazy altar of Hepliaklqana.
 12233 | Lair:2   | Found a hole to the Spider Nest.
 12388 | Lair:2   | Identified the amulet of Megalomania {Spirit rPois rC-
                  | Int+6 SInv}
 12412 | Lair:2   | Reached skill level 15 in Long Blades
 12419 | Lair:2   | Reached XP level 13. HP: 80/98 MP: 8/18
 12865 | Lair:2   | Found a staircase to the Swamp.
 13062 | Lair:3   | Slain by a death yak

Illustrated notes

Levels and vault maps discovered:
D:1:      erik_arrival_cave_to_civilisation [erik_arrival_cave_to_temple],
          layout_basic
D:2:      layout_basic, minmay_bisected, uniq_natasha
D:3:      layout_basic, jmf_multi_god_temple2, gammafunk_ghost_arena,
          uniq_robin, uniq_crazy_yiuf_cottage
D:4:      layout_rooms, mainiacjoe_overflow_chevrons
D:5:      layout_loops_ring, tgw_fedhas, serial_glass, glass_columns_a,
          glass_columns_c, glass_columns_a, due_unseen_surprise,
          minmay_strange_pillars, item_on_display_a, feat_on_display
D:6:      layout_loops_ring, bloody_makhleb, vehumet_statue,
          ebering_ghost_reflecting_pool, serial_park_tiny_1
D:7:      layout_gridville, minmay_temple_entry_poolview,
          nicolae_shop_clearance, uniq_menkaure
D:8:      layout_gridville, grunt_ministairs_15
D:9:      layout_long_grid, erik_lair_orcish_takeover, disabler_island
D:10:     layout_loops_ring, kennysheep_little_box, serial_demonic,
          serial_demonic_e, serial_demonic_d, serial_demonic_a,
          serial_demonic_d, serial_demonic_b, serial_demonic_d,
          serial_demonic_a, serial_demonic_b, serial_demonic_g,
          serial_demonic_f, evilmike_butchery
Lair:1:   layout_gridlike, lemuel_another_geyser
Lair:2:   layout_chaotic_city, nicolae_swamp_entry_splash_gauntlet,
          hellmonk_spider_entry_not_the_bees, lemuel_fruit_fields, uniq_erica
Lair:3:   layout_long_grid, basic_altar, serial_rivers,
          chequers_serial_rivers_micro_b, chequers_serial_rivers_large_b,
          chequers_serial_rivers_micro_a, chequers_serial_rivers_micro_c,
          chequers_serial_rivers_marsh, chequers_serial_rivers_small_3,
          serial_bayou_pond_d, serial_bayou_lagoon_a, small_statue_intersection,
          nicolae_lair_liquid_snakes, uniq_snorg
Lair:4:   layout_misc_corridors, minmay_slime_entry_oklob_open, serial_rivers,
          chequers_serial_rivers_marsh, chequers_serial_rivers_small_3,
          chequers_serial_rivers_small_3, chequers_serial_rivers_room_a,
          chequers_serial_rivers_large_a, chequers_serial_rivers_micro_a,
          grunt_forest_stairs_clearing, uniq_kirke

Skill      XL: |  1  2  3  4  5  6  7  8  9 10 11 12 13 |
---------------+----------------------------------------+-----
Short Blades   | 2 4 5 6 7 8 9 |  9.8
Dodging        | 4 6 9 11 12 | 12.0
Fighting       | 5 7 8 |  8.1
Armour         | 1 2 3 |  3.3
Invocations    | 6 |  6.7
Long Blades    | 5 10 15 | 15.2
Transmutations | 6 7 |  7.4
Spellcasting   | 2 3 |  3.6
Earth Magic    | 2 3 |  3.3
Stealth        | |  5.4

Action                     |  1- 3 |  4- 6 |  7- 9 | 10-12 | 13-15 || total
---------------------------+-------+-------+-------+-------+-------++-------
  Melee: Dagger            |     8 |   193 |   200 |   416 |       ||   817
         Punch             |       |       |     2 |     7 |       ||     9
         Scimitar          |       |       |       |   149 |    31 ||   180
         Tailslap          |       |       |       |     6 |       ||     6
  Throw: Dart              |       |       |       |     2 |       ||     2
 Invoke: Upheaval          |       |       |       |     1 |       ||     1
  Evoke: Wand              |       |       |     3 |     7 |     3 ||    13
    Use: Scroll            |       |     4 |     5 |     3 |       ||    12
         Potion            |       |     1 |       |     2 |       ||     3
   Stab: Sleeping          |     1 |    17 |     4 |       |       ||    22
         Distracted        |       |     3 |     2 |       |       ||     5
         Petrifying        |       |       |       |     1 |       ||     1
 Armour: Leather armour    |     1 |     7 |    22 |     7 |       ||    37
         Steam dragon scal |       |       |       |    48 |     1 ||    49
  Dodge: Dodged            |     3 |   107 |   102 |   371 |    10 ||   593
  Block: Other             |       |       |     3 |    79 |     3 ||    85

Table legend: (Time is in decaauts)
 A = Elapsed time spent in this place.
 B = Non-inter-level travel time spent in this place.
 C = Inter-level travel time spent in this place.
 D = Time resting spent in this place.
 E = Time spent auto-exploring this place.
 F = Levels seen in this place.
 G = Mean time per level.
                   A        B        C        D        E       F      G
               +--------+--------+--------+--------+--------+-----+--------+
         Total |  12573 |  11997 |    576 |    541 |   9453 |  14 |  898.1 |
       Dungeon |   8975 |   8452 |    523 |    273 |   6746 |  10 |  897.5 |
          Lair |   3598 |   3546 |     52 |    268 |   2706 |   4 |  899.5 |
               +--------+--------+--------+--------+--------+-----+--------+

Top non-repeatable levels by time:
  Lair:2: 1321 daAuts
     D:8: 1263 daAuts
     D:9: 1134 daAuts
  Lair:1: 1125 daAuts
     D:7: 1121 daAuts
     D:2: 1073 daAuts
     D:3: 986 daAuts
     D:5: 957 daAuts
     D:6: 943 daAuts
  Lair:3: 937 daAuts
     D:1: 839 daAuts
     D:4: 610 daAuts
  Lair:4: 213 daAuts
    D:10: 46 daAuts
